 Dungeon Crawl Stone Soup version 0.30-a0-743-gbfdf073431 (webtiles) character file.

Game seed: 8142552527055007120

58 CrazyBamboolord the Shield-Bearer (level 4, -1/24 HPs)
             Began as a Vine Stalker Fighter on Feb 5, 2023.
             Slain by an orc priest
             ... wielding a +0 hand axe
              (5 damage)
             ... on level 2 of the Dungeon.
             The game lasted 00:02:09 (1265 turns).

CrazyBamboolord the Shield-Bearer (VSFi)            Turns: 1265, Time: 00:02:09

Health: -1/24      AC:  6    Str: 21    XL:     4   Next: 1%
Magic:  0/5        EV:  9    Int:  8    God:
Gold:   58         SH:  4    Dex: 13    Spells: 3/3 levels left

rFire   . . .      SeeInvis .    a - +0 war axe
rCold   . . .      Faith    .    c - +0 buckler
rNeg    . . .      Spirit   +    b - +0 scale mail
rPois   .          Reflect  .    (no helmet)
rElec   .          Harm     .    (no cloak)
rCorr   .          Rampage  .    (no gloves)
Will    .....                    (no boots) Stlth
                                 (no amulet)
HPRegen 1.04/turn                (no ring)
MPRegen 0.09/turn                (no ring)

@: no status effects
A: fangs 2, regeneration 1, magic shield, antimagic bite, no potion heal 2
a: no special abilities


You were on level 2 of the Dungeon.
You visited 1 branch of the dungeon, and saw 2 of its levels.

You collected 58 gold pieces.

Inventory:

Hand Weapons
 a - a +0 war axe (weapon)
Armour
 b - a +0 scale mail (worn)
 c - a +0 buckler (worn)
Scrolls
 e - a scroll of magic mapping {unknown}
 g - 3 scrolls of immolation {unknown}
 i - a scroll of amnesia {unknown}
 j - a scroll of brand weapon {unknown}
 k - a scroll of enchant armour {unknown}
 l - a scroll of identify {unknown}
 n - a scroll of vulnerability {unknown}
 p - a scroll of blinking {unknown}
Potions
 d - 2 potions of might
 f - a potion of flight {unknown}
 h - a potion of experience {unknown}
 m - a potion of haste {unknown}
 o - a potion of attraction {unknown}
 q - a potion of heal wounds {unknown}


   Skills:
 * Level 3.0 Fighting
 * Level 2.5 Axes
 * Level 2.8 Armour
 + Level 0.1 Dodging
 * Level 3.2 Shields


You had 3 spell levels left.
You didn't know any spells.
Your spell library contained the following spells:

 Spells                   Type           Power      Damage    Failure   Level
 Scorch                   Fire           0%         2d5       94%         2
 Flame Wave               Conj/Fire      0%         2d4       100%        4
 Summon Cactus Giant      Summ           0%         N/A       100%        6


Dungeon Overview and Level Annotations

Branches:
Dungeon (2/15)

Altars:
Qazlal


Innate Abilities, Weirdness & Mutations

You have extremely sharp teeth.
Your natural rate of healing is unusually fast.
When hurt, damage is shared between your health and your magic reserves.
Your bite disrupts and absorbs the magic of your enemies.
Potions cannot restore your health.


Message History

You hit the orc.
The orc is moderately wounded.
You hit the orc. Your bite misses the orc.
The orc is heavily wounded.
You hit the orc. The orc barely misses you. The orc hits you with a +0 club.
The orc priest mumbles some strange prayers to Beogh against you.
Beogh smites you!
Ouch! That really hurt!
* * * LOW HITPOINT WARNING * * *
The orc closely misses you. The orc barely misses you.
You are too injured to fight recklessly!
You are too injured to fight recklessly!
You hit the orc.
You kill the orc!
You hit the orc but do no damage. The orc hits you with a +0 club.
* * * LOW HITPOINT WARNING * * *
You barely miss the orc. Your bite misses the orc.
The orc is heavily wounded.
The orc priest calls upon Beogh to heal the orc.
The orc's wounds heal themselves!
You block the orc's attack.
You hit the orc but do no damage. The orc barely misses you.
The orc hits you with a +0 club.
* * * LOW HITPOINT WARNING * * *
The orc priest looks satisfied for a moment.
You barely miss the orc.
The orc priest looks encouraged for a moment.
The orc hits you with a +0 club.
* * * LOW HITPOINT WARNING * * *
You barely miss the orc. You block the orc's attack. The orc barely misses you.
You slash the orc!
You kill the orc!
You closely miss the orc priest. The orc priest closely misses you.
You have reached level 4!
You feel stronger.
You begin to heal more quickly.
You slash the orc priest!
You bite the orc priest, but do no damage.
The orc priest is heavily wounded.
The orc priest hits you with a +0 hand axe.
You die...

.# #......#.. .#
######.####.#.. .# ..#
....>#. #.#.. .# #.#
.....#. #.### .# #.. ...
....... .# #)# #.#
.....## .# #.# #.#
....... .#.#.######
#.####.....#
.#.#......###...@))...#
.#..............†o.......
.###......###########.##.
............†...... ..
.###......######### . .#
#......# .# #......# .#
#.###### .# #.#


You could see an orc priest.

Vanquished Creatures
  A gnoll (D:1)
  An adder (D:2)
  A worm (D:2)
  2 orcs (D:2)
  3 bats (D:1)
  3 endoplasms (D:1)
  3 giant cockroaches
  A hobgoblin (D:2)
  4 quokkas
  2 ball pythons (D:2)
  A frilled lizard (D:2)
  6 goblins
  3 kobolds
31 creatures vanquished.

Notes
Turn   | Place    | Note
-------+----------+-------------------------------------------
     0 | D:1      | CrazyBamboolord the Vine Stalker Fighter began the quest
                  | for the Orb.
     0 | D:1      | Reached XP level 1. HP: 11/11 MP: 2/2
   217 | D:1      | Reached XP level 2. HP: 4/16 MP: 3/3
   498 | D:1      | Reached XP level 3. HP: 20/20 MP: 4/4
  1171 | D:2      | Found a stormy altar of Qazlal.
  1262 | D:2      | HP: 1/20 [orc/+0 club (1)]
  1265 | D:2      | Gained mutation: Your natural rate of healing is unusually
                  | fast. [Vine Stalker growth]
  1265 | D:2      | Reached XP level 4. HP: 3/24 MP: 0/5
  1265 | D:2      | Slain by an orc priest

Illustrated notes

Levels and vault maps discovered:
D:1:      sevenhm_arrival_forest_fort_large_2, layout_loops_cross
D:2:      layout_basic, basic_altar

Skill      XL: |  1  2 |
---------------+-------+-----
Shields        | 3 |  3.2
Axes           | 2 |  2.5
Fighting       | 3 |  3.0
Armour         | |  2.8
Dodging        | |  0.1

Action                     |  1- 3 |  4- 6 || total
---------------------------+-------+-------++-------
  Melee: War axe           |    87 |     1 ||    88
         Bite              |    17 |     1 ||    18
 Armour: Scale mail        |    36 |       ||    36
  Dodge: Dodged            |    51 |       ||    51
  Block: Buckler           |    18 |       ||    18

Table legend: (Time is in decaauts)
 A = Elapsed time spent in this place.
 B = Non-inter-level travel time spent in this place.
 C = Inter-level travel time spent in this place.
 D = Time resting spent in this place.
 E = Time spent auto-exploring this place.
 F = Levels seen in this place.
 G = Mean time per level.
                   A        B        C        D        E       F      G
               +--------+--------+--------+--------+--------+-----+--------+
         Total |   1302 |   1242 |     60 |      0 |    974 |   2 |  651.0 |
       Dungeon |   1302 |   1242 |     60 |      0 |    974 |   2 |  651.0 |
               +--------+--------+--------+--------+--------+-----+--------+

Top non-repeatable levels by time:
     D:1: 942 daAuts
     D:2: 359 daAuts
